Map: Golden Wall LE

Players

Goomba

  • Race: Terran Terran
  • League: Grandmaster
  • Spawn Location: 7:00

OtakuTerran - Winner!

  • Race: Protoss Protoss
  • League: Master
  • Spawn Location: 5:00

VOD

Have the link to the VOD?

Description

Time

  • Played on: June 30, 2020, 4:10 p.m.
  • Length: 11:18
Show
View Real Time Build Order
Export as new Build Order

Goomba Terran 

Build Orders: Reaper Expand 

Get SALT Encoding   

  12  0:00  SCV  
  13  0:13  SCV  
  14  0:18  Supply Depot  
  14  0:25  SCV  
  15  0:39  SCV  
  15  0:40  Barracks  
  16  0:47  Refinery  
  16  0:51  SCV  
  17  1:03  SCV  
  18  1:15  SCV  
  19  1:28  Orbital Command  
  19  1:30  Reaper  
  20  1:43  Command Center  
  20  1:52  Supply Depot  
  20  1:54  SCV  
  21  2:02  Marine  
  21  2:06  SCV  
  23  2:11  Factory  
  23  2:18  SCV  
  23  2:22  Bunker  
  24  2:28  Refinery  
  24  2:29  Barracks Reactor  
  24  2:32  SCV  
  25  2:44  SCV  
  26  2:56  SCV  
  27  2:59  Widow Mine  
  27  3:00  Orbital Command  
  29  3:07  Starport  
  29  3:08  Marine x2, SCV  
  32  3:20  Factory Tech Lab, SCV  
  33  3:28  Marine x2  
  33  3:29  SCV  
  35  3:37  Supply Depot  
  35  3:40  SCV  
  36  3:45  Marine  
  36  3:46  Marine  
  36  3:47  SCV  
  39  3:51  Raven  
  39  3:52  SCV  
  42  3:59  Factory Tech Lab, SCV  
  42  4:01  Barracks x2  
  42  4:02  Supply Depot  
  43  4:04  SCV  
  43  4:07  Marine x2  
  46  4:12  SCV  
  46  4:14  Supply Depot  
  46  4:17  SCV  
  48  4:24  SCV  
  49  4:26  Engineering Bay  
  49  4:27  Marine  
  49  4:29  SCV  
  49  4:30  Factory Reactor  
  51  4:32  Refinery  
  51  4:36  SCV  
  52  4:41  SCV  
  52  4:43  Supply Depot  
  52  4:45  Marine x2  
  55  4:48  SCV  
  55  4:51  Starport Reactor  
  56  4:53  SCV  
  56  4:57  Terran Infantry Weapons Level 1  
  56  4:59  Marauder x2  
  61  5:02  SCV  
  61  5:05  Supply Depot  
  62  5:07  SCV  
  62  5:08  Marine x2  
  62  5:09  Widow Mine  
  62  5:13  Widow Mine  
  69  5:15  SCV  
  69  5:19  Supply Depot  
  69  5:20  SCV  
  71  5:26  Marauder x2  
  75  5:29  Marine x2, Medivac  
  75  5:31  SCV  
  75  5:34  Refinery  
  80  5:36  Medivac  
  80  5:38  SCV  
  83  5:45  Supply Depot  
  83  5:46  SCV  
  83  5:48  Supply Depot  
  84  5:53  Marauder x2  
  84  5:54  Marine x2  
  90  5:58  Widow Mine  
  90  6:03  Medivac  
  94  6:07  Supply Depot  
  94  6:13  Armory  
  94  6:18  Marauder  
  96  6:23  Stimpack  
  95  6:30  Widow Mine  
  95  6:31  Widow Mine  
  96  6:33  SCV x2  
  96  6:38  Marine x2  
  96  6:39  Marauder  
  102  6:40  Barracks Tech Lab  
  102  6:43  Command Center  
  102  6:45  Medivac x2, SCV x2  
  112  6:54  Widow Mine x2  
  112  6:57  Terran Infantry Armor Level 1, SCV x2  
  114  7:08  Combat Shield  
  114  7:09  Barracks x2, SCV  
  114  7:10  Marine x2, SCV  
  118  7:18  Marauder  
  118  7:19  Supply Depot  
  118  7:20  Marauder  
  122  7:26  Widow Mine x2  
  126  7:40  Marine x2, Marauder  
  130  7:50  Marauder  
  130  7:51  Widow Mine  
  134  7:54  Medivac x2  
  134  7:55  Supply Depot x2, Widow Mine  
  140  8:01  SCV  
  140  8:02  SCV, Orbital Command  
  140  8:08  Barracks Tech Lab x2  
  140  8:09  Barracks Reactor  
  136  8:14  SCV, Marauder x2  
  136  8:15  SCV  
  140  8:23  Ghost Academy  
  141  8:28  Marauder  
  141  8:29  Widow Mine x2  
  144  8:35  Refinery x2  
  144  8:40  Marine x2, Marauder x2  
  144  8:41  Concussive Shells  
  150  8:42  SCV x2  
  150  8:47  Engineering Bay  
  152  8:49  SCV  
  152  8:54  SCV x2  
  155  8:58  Enhanced Shockwaves  
  155  9:01  Medivac, Widow Mine x2  
  155  9:02  SCV  
  162  9:06  SCV x2  
  162  9:08  Supply Depot  
  162  9:09  Supply Depot  
  164  9:11  Supply Depot  
  164  9:18  Orbital Command  
  164  9:19  Bunker  
  164  9:20  Supply Depot  
  164  9:21  Supply Depot  
  141  9:44  Marine x2, Marauder  
  145  9:47  Marine x2, Marauder  
  145  9:48  Widow Mine x2, Marauder  
  145  9:49  SCV  
  145  9:50  SCV  
  157  9:57  Medivac x2  
  161  10:06  Marine x2, Marauder  
  112  10:35  Marauder x2  
  112  10:37  Marine  
  112  10:38  Marine x3, Marauder  
  112  10:39  Widow Mine x2  
  105  10:44  SCV x2  
  107  10:56  Marine x2  
  111  10:57  Marauder  
Show
View Real Time Build Order
Export as new Build Order

OtakuTerran Protoss - Winner!

Build Orders: 1 Gate Expand, Blink Stalkers, Zealot Archon 

Get SALT Encoding   

  12  0:00  Probe  
  13  0:12  Probe  
  14  0:17  Pylon  
  14  0:25  Probe  
  15  0:35  Probe  
  15  0:38  Gateway  
  16  0:44  Assimilator, Probe  
  17  0:52  Probe  
  18  1:03  Probe  
  19  1:15  Probe  
  20  1:26  Cybernetics Core  
  20  1:35  Nexus  
  20  1:47  Pylon  
  20  1:49  Probe  
  20  1:50  Assimilator  
  21  1:55  Stalker  
  21  2:01  Probe  
  21  2:04  Warp Gate  
  24  2:15  Stalker  
  24  2:17  Probe  
  25  2:29  Probe  
  28  2:41  Probe  
  29  2:45  Stalker  
  29  2:47  Probe  
  32  2:53  Probe  
  32  2:54  Twilight Council  
  33  2:59  Probe  
  33  3:05  Probe  
  35  3:11  Probe  
  36  3:14  Robotics Facility  
  36  3:17  Probe, Pylon  
  37  3:23  Probe  
  38  3:29  Probe  
  38  3:32  Blink  
  39  3:36  Probe, Gateway  
  39  3:38  Gateway  
  40  3:41  Probe  
  40  3:48  Probe  
  42  3:53  Probe  
  43  4:00  Probe  
  44  4:03  Nexus  
  44  4:04  Observer  
  44  4:08  Assimilator  
  44  4:09  Probe  
  46  4:12  Assimilator  
  46  4:13  Probe  
  47  4:21  Probe, Stalker  
  50  4:25  Probe  
  50  4:26  Pylon  
  50  4:27  Observer  
  52  4:33  Probe  
  52  4:37  Probe, Pylon  
  54  4:44  Stalker x2  
  54  4:45  Probe  
  59  4:48  Pylon  
  59  4:49  Probe  
  59  4:50  Observer  
  61  4:57  Probe, Stalker, Observer  
  64  5:00  Gateway  
  64  5:04  Observer  
  64  5:08  Gateway  
  64  5:09  Probe  
  64  5:12  Probe  
  67  5:20  Observer  
  67  5:21  Stalker x2  
  70  5:23  Charge  
  70  5:30  Stalker  
  70  5:33  Probe x2  
  70  5:34  Probe  
  75  5:37  Pylon  
  75  5:45  Probe x2  
  75  5:46  Probe  
  75  5:48  Forge  
  78  5:50  Forge  
  78  5:53  Zealot x2  
  82  5:57  Probe  
  82  5:58  Probe, Templar Archives  
  82  5:59  Zealot  
  82  6:04  Protoss Ground Weapons Level 1, Protoss Ground Armor Level 1  
  86  6:07  Zealot  
  86  6:08  Zealot  
  90  6:14  Pylon  
  90  6:21  Gateway  
  90  6:24  Gateway  
  90  6:30  Zealot x4  
  90  6:31  Zealot  
  90  6:32  Probe x2  
  99  6:43  Probe  
  99  6:44  Probe x2  
  99  6:45  Pylon  
  102  6:48  Pylon  
  102  6:51  High Templar  
  102  6:52  High Templar  
  105  6:55  High Templar, Probe  
  105  6:58  Pylon  
  105  6:59  Archon  
  105  7:00  Pylon  
  108  7:03  Probe x2  
  108  7:06  Pylon  
  108  7:07  High Templar, Zealot, Probe  
  115  7:10  Gateway x2  
  115  7:15  Archon, Zealot  
  115  7:19  Assimilator  
  113  7:23  Assimilator  
  113  7:24  Zealot  
  113  7:25  Zealot x2  
  113  7:28  Zealot  
  121  7:32  Zealot  
  121  7:33  Protoss Ground Weapons Level 2, Protoss Ground Armor Level 2  
  123  7:40  Observer  
  123  7:42  Zealot x2  
  119  7:53  Zealot  
  119  7:54  Zealot x4  
  119  7:56  Probe  
  119  7:57  Probe x2  
  132  8:01  Observer  
  128  8:05  Photon Cannon  
  128  8:08  Probe  
  128  8:09  Probe  
  128  8:11  Probe  
  131  8:14  Shield Battery  
  131  8:21  Probe x2, Zealot x5  
  131  8:23  Probe, Observer  
  131  8:24  Photon Cannon  
  145  8:37  Zealot x2  
  149  8:46  Pylon  
  149  8:48  Pylon  
  149  8:51  Pylon  
  149  8:53  Pylon  
  149  8:59  Nexus  
  149  9:07  High Templar x2  
  149  9:08  High Templar x2  
  149  9:09  High Templar x2, Zealot x2  
  165  9:10  Zealot  
  165  9:13  Archon x3  
  166  9:35  Zealot x3  
  165  9:49  Observer  
  164  9:55  Pylon  
  164  9:57  Zealot x5  
  164  9:58  Zealot x3  
  180  10:02  Pylon  
  180  10:03  Pylon, Observer  
  180  10:13  Photon Cannon  
  181  10:17  Photon Cannon  
  179  10:24  Zealot x6  
  179  10:25  Zealot  
  161  10:35  Zealot  
  149  10:36  Observer  
  150  10:43  Probe x3  
  150  10:44  Probe  
  152  10:53  Robotics Facility  
  152  10:55  High Templar x2, Robotics Bay, Probe x2  
  152  10:56  High Templar  
  152  10:57  High Templar x3  
  162  10:58  Nexus  
  162  10:59  High Templar x2  
  162  11:02  Archon x3  
Tags
 
Add a new tag
Caveats
  • Supply blocks, unpowered buildings, or Contaminate may cause inaccurate times.
  • Supply counts are checked every 10 seconds.